 Dungeon Crawl Stone Soup version 0.26.0-10-g1f06aea511 (webtiles) character file.

Game seed: 16070802668150356044

10350 Arthanis the Arsonist (level 11, -15/57 HPs)
             Began as a Deep Elf Fire Elementalist on Jan 18, 2021.
             Was a Priest of Vehumet.
             Demolished by a boulder beetle (40 damage)
             ... on level 11 of the Dungeon.
             The game lasted 00:24:52 (12891 turns).

Arthanis the Arsonist (Deep Elf Fire Elementalist) Turns: 12891, Time: 00:24:53

Health: -15/57     AC:  9    Str:  5    XL:     11   Next: 35%
Magic:  7/28       EV: 18    Int: 24    God:    Vehumet [***...]
Gold:   843        SH:  0    Dex: 18    Spells: 18/33 levels left

rFire    . . .     SeeInvis .   D - +2 spear "Tiuwouq" {pain, rElec rN+ Stlth+}
rCold    . . .     Faith    +   (no shield)
rNeg     + . .     Spirit   .   n - +0 robe {Will+}
rPois    .         Reflect  .   s - +0 helmet
rElec    +         Harm     .   z - +2 cloak
rCorr    .         Rampage  .   M - +1 pair of gloves {Dex+3}
Will     ++...                  I - +0 pair of boots
Stlth    +++.......             O - amulet of faith
HPRegen  0.19/turn              t - ring of wizardry
MPRegen  0.21/turn              L - +4 ring of evasion

@: about to teleport
A: no striking features
a: Renounce Religion


You were on level 11 of the Dungeon.
You worshipped Vehumet.
Vehumet was most pleased with you.
You visited 2 branches of the dungeon, and saw 12 of its levels.
You also visited: Ossuary.

You collected 1176 gold pieces.
You spent 333 gold pieces at shops.

Inventory:

Hand Weapons
 g - a +0 dagger
 j - a +2 short sword of venom
 u - a +2 whip of electrocution
 D - the +2 spear "Tiuwouq" (weapon) {pain, rElec rN+ Stlth+}
   (You bought it in a shop on level 9 of the Dungeon)

   In the hands of one skilled in necromantic magic, it inflicts extra damage on
   living creatures.
   It insulates you from electricity.
   It protects you from negative energy.
   It makes you more stealthy.
 N - a +3 halberd
Armour
 a - a +0 robe
 n - a +0 robe of willpower (worn)
 s - a +0 helmet (worn)
 z - a +2 cloak (worn)
 F - a +2 leather armour of cold resistance
 I - a +0 pair of boots (worn)
 M - a +1 pair of gloves of dexterity (worn)
Jewellery
 e - an uncursed amulet of regeneration
 t - a ring of wizardry (left hand)
 J - an uncursed ring of see invisible
 L - a +4 ring of evasion (right hand)
 O - an amulet of faith (around neck)
 P - an uncursed ring of stealth
Wands
 f - a wand of acid (6)
 r - a wand of flame (67)
 x - a wand of random effects (31)
 H - a wand of polymorph (14)
Scrolls
 b - 2 scrolls of remove curse
 d - 5 scrolls of enchant weapon
 h - 3 scrolls of teleportation
 k - 5 scrolls of fog
 o - a scroll of immolation
 q - 6 scrolls of amnesia
 y - 5 scrolls of enchant armour
Potions
 c - 14 potions of curing
 i - 6 potions of heal wounds
 l - 6 potions of lignification
 m - a potion of ambrosia
 v - a potion of flight {unknown}
 w - 6 potions of brilliance
 A - 3 potions of cancellation
 B - a potion of resistance {unknown}
 C - a potion of degeneration {unknown}
 E - a potion of invisibility {unknown}
 G - a potion of haste {unknown}
 K - a potion of might {unknown}


   Skills:
 - Level 2.0 Fighting
 - Level 4.0 Dodging
 - Level 3.0 Stealth
 + Level 11.5 Spellcasting
 + Level 9.6 Conjurations
 * Level 13.4 Fire Magic
 - Level 2.1 Evocations


You had 18 spell levels left.
You knew the following spells:

 Your Spells              Type           Power        Failure   Level
a - Foxfire               Conj/Fire      100%         1%          1
b - Conjure Flame         Conj/Fire      62%          1%          3
c - Sticky Flame          Conj/Fire      62%          1%          4
d - Fireball              Conj/Fire      31%          1%          5
e - Shock                 Conj/Air       100%         1%          1
f - Magic Dart            Conj           100%         1%          1

Your spell library contained the following spells:

 Spells                   Type           Power        Failure   Level
 Airstrike                Air            6%           5%          4
 Animate Skeleton         Necr           26%          1%          1
 Beastly Appendage        Tmut           26%          1%          1
 Pain                     Necr           52%          1%          1
 Inner Flame              Hex/Fire       46%          1%          3
 Wereblood                Tmut           13%          2%          2
 Spider Form              Tmut/Pois      6%           6%          3
 Vampiric Draining        Necr           6%           6%          3
 Animate Dead             Necr           6%           17%         4
 Ice Form                 Ice/Tmut       13%          17%         4
 Agony                    Necr           13%          43%         5
 Blade Hands              Tmut           6%           43%         5


Dungeon Overview and Level Annotations

Branches:
Dungeon (11/15)            Temple (1/1) D:7            Lair (0/6) D:8
    Orc (0/2) D:10        Ossuary (visited)

Altars:
Ashenzari
Cheibriados
Dithmenos
Elyvilon
Fedhas
Gozag
Hepliaklqana
Kikubaaqudgha
Makhleb
Nemelex Xobeh
Okawaru
Qazlal
Ru
Sif Muna
Trog
Uskayaw
Vehumet
Wu Jian
Yredelemnul
Zin
The Shining One

Shops:
D:6 [   D:9 *(([}

Portals:
Trove: D:10 (give 2 scrolls of acquirement)
Ice
Cave: D:11

Annotations:
D:3 exclusion: oklob plant
D:9 3 runed translucent doors, Hyawatha's ghost, novice MiBe


Message History

An acid dragon comes into view.
A worker ant comes into view.
Casting: Fireball (safe; 1% risk of failure)
Confirm with . or Enter, or press ? or * to list all spells.
Aiming: Fireball (safe; 1% risk of failure)
Press: ? - help, Shift-Dir - straight line, f/p - boulder beetle
Aim: a boulder beetle (lightly wounded)
The fireball explodes!
The fireball engulfs the boulder beetle!
The boulder beetle is moderately wounded.
You hear a bellow!
The boulder beetle hits you!!!
Ouch! That really hurt!
* * * LOW HITPOINT WARNING * * *
The boulder beetle stops rolling and uncurls.
The boulder beetle curls into a ball and begins rolling!
As you read the scroll of teleportation, it crumbles to dust.
You feel strangely unstable.
You feel much better. The boulder beetle hits you!!!
Ouch! That really hurt!
You die...

. .# # .#
.## ###. #.
..# .B..# ∩
#..
..B..#.#).
D...#..#
#°°..# #B.#
#@##
###.#####
#.......#
#.#.###.#
##.#..##.##
#.......>.#
#.........#
#.........#
#.......<.#


You could see a boulder beetle.

Vanquished Creatures
  Erolcha (D:9)
  A two-headed ogre (D:10)
  Pikel (D:4)
  A gargoyle (D:10)
  2 trolls
  Grinder (D:4)
  Sigmund (D:6)
  3 wyverns
  A wraith (Ossuary)
  4 yaks
  A steam dragon (D:9)
  Grum (D:8)
  Menkaure (D:5)
  A water moccasin (D:6)
  6 orc warriors
  4 sky beasts
  An ice beast (D:5)
  5 black bears
  6 ogres
  A phantom (D:5)
  A necrophage (D:9)
  5 wolves
  2 centaurs
  4 big kobolds (D:10)
  6 bullfrogs
  3 gnoll sergeants (D:10)
  A wyvern skeleton (D:9)
  2 scorpions
  5 killer bees
  4 electric eels
  2 howler monkeys
  2 centaur zombies
  11 hounds
  2 jellies
  12 orc wizards
  8 orc priests
  2 iguanas
  4 worker ants
  A hound zombie (D:8)
  3 hound skeletons
  A mummy (Ossuary)
  A worker ant zombie (D:8)
  Robin (D:4)
  10 gnolls
  8 adders
  3 shadow imps
  3 white imps
  An ooze (D:4)
  2 adder zombies
  5 worms
  2 dart slugs (D:1)
  9 leopard geckos
  42 orcs
  8 bats
  8 giant cockroaches
  17 goblins
  9 hobgoblins
  8 jackals
  4 kobolds
  4 quokkas
  2 ball pythons
  3 frilled lizards
  7 gnoll skeletons (Ossuary)
  2 jackal skeletons (D:4)
  6 kobold skeletons (Ossuary)
  2 leopard gecko skeletons
  12 orc skeletons (Ossuary)
  4 rats
307 creatures vanquished.

Vanquished Creatures (others)
  A gnoll (D:10)
  6 orcs (D:8)
  3 jackals (D:8)
  1120 foxfires
1130 creatures vanquished.

Grand Total: 1437 creatures vanquished

Notes
Turn   | Place    | Note
-------+----------+-------------------------------------------
     0 | D:1      | Arthanis the Deep Elf Fire Elementalist began the quest for
                  | the Orb.
     0 | D:1      | Reached XP level 1. HP: 10/10 MP: 6/6
   360 | D:1      | Reached XP level 2. HP: 15/15 MP: 2/8
  1166 | D:1      | Reached skill level 4 in Fire Magic
  1278 | D:1      | Reached XP level 3. HP: 19/19 MP: 7/10
  1282 | D:1      | Learned a level 3 spell: Conjure Flame
  2074 | D:2      | Noticed a sky beast
  2092 | D:2      | Killed a sky beast
  2093 | D:2      | Reached skill level 5 in Fire Magic
  2093 | D:2      | Reached XP level 4. HP: 24/24 MP: 2/12
  2093 | D:2      | Reached XP level 5. HP: 28/28 MP: 2/13
  2098 | D:2      | Learned a level 4 spell: Sticky Flame
  2929 | D:3      | Found a hide-covered altar of Uskayaw.
  3000 | D:3      | Found an iron altar of Okawaru.
  3000 | D:3      | Found a white marble altar of Elyvilon.
  3014 | D:3      | Found a blossoming altar of Fedhas.
  3027 | D:3      | Noticed an oklob plant
  3135 | D:3      | Learned a level 5 spell: Fireball
  3419 | D:4      | Noticed Grinder
  3443 | D:4      | Killed Grinder
  3444 | D:4      | Reached skill level 5 in Spellcasting
  3444 | D:4      | Reached skill level 6 in Fire Magic
  3444 | D:4      | Reached XP level 6. HP: 32/32 MP: 1/15
  3601 | D:4      | Noticed Robin
  3608 | D:4      | Killed Robin
  4077 | D:4      | Found an opulent altar of Gozag.
  4272 | D:4      | Noticed Pikel
  4299 | D:4      | Killed Pikel
  4300 | D:4      | Reached skill level 7 in Fire Magic
  4300 | D:4      | Reached XP level 7. HP: 9/36 MP: 8/18
  4522 | D:4      | Found a sacrificial altar of Ru.
  4774 | D:5      | Entered Level 5 of the Dungeon
  4829 | D:5      | Reached skill level 5 in Conjurations
  4897 | D:5      | Reached XP level 8. HP: 41/41 MP: 13/19
  4905 | D:5      | Reached skill level 8 in Fire Magic
  5270 | D:5      | Found a bloodstained altar of Trog.
  5615 | D:5      | Noticed Menkaure
  5621 | D:5      | Killed Menkaure
  5669 | D:5      | Reached skill level 9 in Fire Magic
  6068 | D:6      | Found Quyceunk's Antique Armour Shop.
  6137 | D:6      | Reached XP level 9. HP: 42/45 MP: 10/23
  6290 | D:6      | Found a sand-covered staircase.
  6298 | Ossuary  | Entered an ossuary
  6498 | Ossuary  | Reached skill level 10 in Fire Magic
  6964 | D:6      | Reached skill level 1 in Evocations
  7080 | D:6      | Noticed Sigmund
  7090 | D:6      | Killed Sigmund
  7235 | D:6      | Found a glowing golden altar of the Shining One.
  7940 | D:7      | Identified a scroll of acquirement
  8017 | D:7      | Acquired 411 gold pieces
  8106 | D:7      | Found a staircase to the Ecumenical Temple.
  8147 | Temple   | Entered the Ecumenical Temple
  8299 | Temple   | Became a worshipper of Vehumet
  8795 | D:8      | Noticed Grum
  8807 | D:8      | Killed Grum
  8808 | D:8      | Reached skill level 1 in Fighting
  8956 | D:8      | Noticed a troll
  8960 | D:8      | Killed a troll
  8961 | D:8      | Reached skill level 11 in Fire Magic
  9080 | D:8      | Reached XP level 10. HP: 53/53 MP: 19/25
  9099 | D:8      | Reached * piety under Vehumet
  9099 | D:8      | Offered knowledge of Shock by Vehumet.
  9104 | D:7      | Learned a level 1 spell: Shock
  9222 | D:8      | Noticed Maggie
  9227 | D:8      | Noticed Maggie
  9227 | D:8      | Maggie changed into Maggie the jelly
  9253 | D:7      | Killed Maggie the jelly
  9550 | D:8      | Found a staircase to the Lair.
 10052 | D:9      | Reached skill level 10 in Spellcasting
 10232 | D:9      | Offered knowledge of Magic Dart by Vehumet.
 10355 | D:8      | Learned a level 1 spell: Magic Dart
 10356 | D:9      | Found Wep Gamy's Assorted Antiques.
 10362 | D:8      | Reached skill level 12 in Fire Magic
 10458 | D:9      | Bought a potion of curing for 93 gold pieces
 10464 | D:9      | Reached ** piety under Vehumet
 10690 | D:9      | Found Feybith's Antique Weapon Boutique.
 10691 | D:9      | Found Cuciet's Antique Weapon Boutique.
 10721 | D:9      | Bought a shimmering spear for 240 gold pieces
 10721 | D:9      | Identified the +2 spear "Tiuwouq" {pain, rElec rN+ Stlth+}
                  | (You bought it in a shop on level 9 of the Dungeon)
 10766 | D:9      | Noticed Erolcha
 10786 | D:9      | Killed Erolcha
 11205 | D:9      | Reached XP level 11. HP: 56/57 MP: 16/27
 11297 | D:9      | Found a runed translucent gate.
 11298 | D:9      | Found a runed translucent gate.
 11299 | D:9      | Found a runed translucent gate.
 11349 | D:9      | Found Cuimikeu's Armour Emporium.
 11552 | D:9      | Found Qousuune's Gadget Shoppe.
 11658 | D:9      | Noticed Hyawatha's ghost (novice MiBe)
 11736 | D:10     | Entered Level 10 of the Dungeon
 11741 | D:10     | Offered knowledge of Searing Ray by Vehumet.
 11990 | D:10     | Found a portal to a secret trove of treasure.
 12121 | D:10     | Reached skill level 13 in Fire Magic
 12289 | D:10     | Found a staircase to the Orcish Mines.
 12290 | D:10     | Reached *** piety under Vehumet
 12300 | D:10     | Offered knowledge of Airstrike by Vehumet.
 12498 | D:10     | Noticed a two-headed ogre
 12502 | D:10     | Killed a two-headed ogre
 12874 | D:11     | Found a frozen archway.
 12883 | D:11     | Noticed a boulder beetle
 12891 | D:11     | Demolished by a boulder beetle

Illustrated notes

Levels and vault maps discovered:
D:1:      shiori_arrival_elements, layout_basic, serial_bayou_pond_b
D:2:      layout_loops_cross
D:3:      layout_rooms, lemuel_doored_altar,
          chequers_temple_overflow_statue_of_worship, tgw_fedhas
D:4:      layout_loops_ring, nicolae_ru_sacrificial_ziggurat,
          kennysheep_mini_moat, grunt_ministairs_12, uniq_pikel, uniq_grinder,
          uniq_robin
D:5:      layout_gridville, lightli_temple_of_fire, uniq_menkaure
D:6:      layout_basic, marbit_many_paths, nicolae_ossuary_entry_plus,
          serial_shops, nicolae_shop_statue_plus, uniq_sigmund
D:7:      layout_basic, minmay_temple_entry_wispy
D:8:      layout_rooms, erik_lair_island, lemuel_flamethrower_1, uniq_grum,
          uniq_maggie
D:9:      wander_river, layout_loops_ring, gammafunk_ghost_spectres,
          serial_shops, shop_coins, nicolae_shop_competitors_out_of_business,
          shop, nicolae_shop_crystal, shop, uniq_erolcha
D:10:     layout_basic, kennysheep_orc_monster_closet_entryway, enter_trove_1
D:11:     layout_loops_cross, portal_ice_cave_entry_pillars_2, uniq_snorg
Temple:   regret_index_temple_generic_petals

Skill      XL: |  1  2  3  4  5  6  7  8  9 10 11 |
---------------+----------------------------------+-----
Fire Magic     | 4 5 6 7 9 11 12 13 | 13.4
Conjurations   | 2 3 4 5 6 7 9 |  9.6
Spellcasting   | 4 5 6 8 9 10 11 | 11.5
Evocations     | 2 |  2.1
Stealth        | 3 |  3.0
Dodging        | 4 |  4.0
Fighting       | 1 2 |  2.0

Action                   |  1- 3 |  4- 6 |  7- 9 | 10-12 || total
-------------------------+-------+-------+-------+-------++-------
Melee: Dagger            |     6 |       |       |       ||     6
       Short sword       |       |     9 |     9 |     6 ||    24
       Spear             |       |       |       |    14 ||    14
 Cast: Foxfire           |   100 |   122 |   329 |   156 ||   707
       Sticky Flame      |       |     1 |    10 |    21 ||    32
       Fireball          |       |       |    12 |    47 ||    59
       Shock             |       |       |       |    32 ||    32
       Conjure Flame     |       |       |       |     5 ||     5
Evoke: Wand              |       |       |     1 |     5 ||     6
  Use: Scroll            |       |       |    12 |     9 ||    21
       Potion            |       |       |       |     1 ||     1
 Stab: Sleeping          |     1 |     2 |     1 |     1 ||     5
Armor: Robe              |     4 |     4 |    17 |    21 ||    46
Dodge: Dodged            |    16 |    12 |    52 |    46 ||   126
